 Dungeon Crawl Stone Soup version 0.28-a0-258-g8de209e91f (webtiles) character file.

Game seed: 2191983832635415240

35 aSlayers the Skirmisher (level 3, -2/34 HPs)
             Began as a Minotaur Abyssal Knight on Aug 26, 2021.
             Was a Believer of Lugonu.
             Slain by a worm (6 damage)
             ... on level 2 of the Dungeon.
             The game lasted 00:02:50 (1267 turns).

aSlayers the Skirmisher (Minotaur Abyssal Knight)   Turns: 1267, Time: 00:03:06

Health: -2/34      AC:  3    Str: 17    XL:     3   Next: 17%
Magic:  3/3        EV: 11    Int:  9    God:    Lugonu [**....]
Gold:   13         SH:  0    Dex:  9    Spells: 2/2 levels left

rFire   . . .      SeeInvis .   a - +1 spear
rCold   . . .      Faith    .   (no shield)
rNeg    . . .      Spirit   .   b - +0 leather armour
rPois   .          Reflect  .   (helmet restricted)
rElec   .          Harm     .   (no cloak)
rCorr   .          Rampage  .   (no gloves)
Will    .....                   (no boots)
Stlth   +.........              (no amulet)
HPRegen 0.11/turn               (no ring)
MPRegen 0.08/turn               (no ring)

@: no status effects
A: horns 2, retaliatory headbutt
a: Renounce Religion, Depart the Abyss, Bend Space


You were on level 2 of the Dungeon.
You worshipped Lugonu.
Lugonu was pleased with you.
You visited 1 branch of the dungeon, and saw 2 of its levels.
You visited the Abyss 1 time.

You collected 13 gold pieces.

Inventory:

Hand Weapons
 a - a +1 spear (weapon)
Armour
 b - a +0 leather armour (worn)
 c - a +0 leather armour
 e - a +0 scale mail
Scrolls
 d - a scroll of blinking {unknown}
 h - a scroll of enchant weapon {unknown}
Potions
 f - a potion of flight {unknown}
 g - a potion of might {unknown}
 i - a potion of heal wounds {unknown}
 j - a potion of cancellation {unknown}


   Skills:
 + Level 4.5 Fighting
 + Level 2.6 Polearms
 + Level 2.8 Armour
 + Level 1.2 Dodging
 + Level 2.2 Invocations


You had 2 spell levels left.
You didn't know any spells.
Your spell library contained the following spells:

 Spells                   Type           Power      Damage    Failure   Level
 Portal Projectile        Hex/Tloc       0%         N/A       82%         3
 Blade Hands              Tmut           0%         N/A       100%        5
 Excruciating Wounds      Necr           0%         N/A       100%        5


Dungeon Overview and Level Annotations

Branches:
Dungeon (2/15)

Altars:

Annotations:
D:2 Jessica


Innate Abilities, Weirdness & Mutations

You have a pair of horns on your head.
You reflexively headbutt those who attack you in melee.


Message History

You see here a rat corpse.
Found a fizzy pink potion.
An endoplasm comes into view.
The endoplasm quivers.
An endoplasm is nearby!
The endoplasm closely misses you. You furiously retaliate!
You headbutt the endoplasm!
You kill the endoplasm!
Lugonu accepts your kill.
j - a fizzy pink potion Done exploring.
Done exploring.
Done exploring.
There is a stone staircase leading down here.
You climb downwards.
Jessica shouts!
There is a stone staircase leading up here.
Jessica gestures at you while chanting. Pain shoots through your body!
You barely miss Jessica. You headbutt Jessica!
Jessica is severely wounded.
You barely miss Jessica.
Jessica is severely wounded.
Jessica drinks a potion.
Jessica is healed!
You hit Jessica.
Jessica is moderately wounded.
Jessica gestures at you while chanting. Pain shoots through your body!
You hit Jessica.
Jessica is severely wounded.
Jessica grins evilly.
Jessica hits you with a +0 dagger. The worm bites you.
You hit Jessica but do no damage.
Jessica is severely wounded.
Jessica shouts, "You're disturbing me!
I'll have to kill you!" Jessica casts a spell at you.
Pain shoots through your body!
* * * LOW HITPOINT WARNING * * *
The worm bites you.
You die...

# ########## .
#........##.#
#.........#.#
#.........#.##
#............#
#......w.....#
#.....@@.<...#
#........#...#
#######.....##
#######


You could see a worm and Jessica.

Vanquished Creatures
  3 bats (D:1)
  3 endoplasms (D:1)
  3 giant cockroaches (D:1)
  A goblin (D:1)
  A hobgoblin (D:1)
  3 jackals (D:1)
  10 kobolds (D:1)
  2 quokkas (D:1)
  A ball python (D:1)
  5 rats (D:1)
32 creatures vanquished.

Notes
Turn   | Place    | Note
-------+----------+-------------------------------------------
     0 | Abyss:1  | aSlayers the Minotaur Abyssal Knight began the quest for
                  | the Orb.
     0 | Abyss:1  | Reached XP level 1. HP: 19/19 MP: 1/1
    23 | D:1      | Escaped the Abyss
   196 | D:1      | Reached XP level 2. HP: 18/27 MP: 2/2
   207 | D:1      | Reached skill level 4 in Fighting
   610 | D:1      | Reached ** piety under Lugonu
  1007 | D:1      | Reached XP level 3. HP: 34/34 MP: 3/3
  1260 | D:2      | Noticed Jessica
  1267 | D:2      | Slain by a worm

Illustrated notes

Levels and vault maps discovered:
D:1:      lemuel_arrival_cross, layout_basic
D:2:      layout_basic, basic_altar, uniq_jessica, uniq_natasha

Skill      XL: |  1  2 |
---------------+-------+-----
Invocations    | 2 |  2.2
Fighting       | 4 |  4.5
Polearms       | |  2.6
Armour         | |  2.8
Dodging        | |  1.2

Action                   || total
-------------------------++-------
Melee: Spear             ||    72
       Headbutt          ||    12
Armor: Leather armour    ||    18
Dodge: Dodged            ||    40

Table legend: (Time is in decaauts)
 A = Elapsed time spent in this place.
 B = Non-inter-level travel time spent in this place.
 C = Inter-level travel time spent in this place.
 D = Time resting spent in this place.
 E = Time spent auto-exploring this place.
 F = Levels seen in this place.
 G = Mean time per level.
                   A        B        C        D        E       F      G
               +--------+--------+--------+--------+--------+-----+--------+
         Total |   1264 |   1264 |      0 |      0 |    960 |   3 |  421.3 |
       Dungeon |   1241 |   1241 |      0 |      0 |    960 |   2 |  620.5 |
         Abyss |     23 |     23 |      0 |      0 |      0 |   1 |   23.0 |
               +--------+--------+--------+--------+--------+-----+--------+

Top non-repeatable levels by time:
     D:1: 1235 daAuts
 Abyss:1: 23 daAuts
     D:2: 6 daAuts
